 Dungeon Crawl Stone Soup version 0.19-a0-1637-gfc13266 (webtiles) character file.

875 TheGoonsmith the Covert (level 8, -6/41 HPs)
             Began as a Vine Stalker Assassin on Sept 19, 2016.
             Was a Follower of Uskayaw.
             Mangled by an orc warrior
             ... wielding a +0 dire flail
              (14 damage)
             ... on level 6 of the Dungeon.
             The game lasted 00:11:55 (5432 turns).

TheGoonsmith the Covert (Vine Stalker Assassin)     Turns: 5432, Time: 00:11:56

Health: -6/41      AC:  8    Str: 13    XL:     8   Next: 4%
Magic:  0/9        EV: 10    Int: 11    God:    Uskayaw [*.....]
Gold:   398        SH:  0    Dex: 23    Spells: 0 memorised, 7 levels left

rFire  . . .     SeeInvis .     a - +2 dagger
rCold  . . .     Gourm    .     h - +0 leather armour
rNeg   . . .     Faith    .     (no shield)
rPois  .         Spirit   +     C - +0 helmet
rElec  .         Dismiss  .     d - +2 cloak
rCorr  .         Reflect  .     A - +0 pair of gloves
MR     +....     Harm     .     (no boots)
Stlth  +++++.....               (no amulet)
                                y - +4 ring of dexterity
                                v - ring of stealth

@: heavily drained
A: fangs 3, regeneration 1, magic shield, antimagic bite, no device heal 3, rot
immunity
a: Stomp, Renounce Religion


You were on level 6 of the Dungeon.
You worshipped Uskayaw.
Uskayaw was noncommittal.
You were not hungry.

You visited 2 branches of the dungeon, and saw 8 of its levels.

You collected 398 gold pieces.

Inventory:

Hand Weapons
 a - a +2 dagger (weapon)
 b - a +0 blowgun
Missiles
 e - 22 poisoned needles
 f - 2 curare-tipped needles
 m - 4 tomahawks (quivered)
Armour
 c - a +0 robe
 d - a +2 cloak (worn)
 h - a +0 leather armour (worn)
 A - a +0 pair of gloves (worn)
 C - a +0 helmet (worn)
Jewellery
 v - a ring of stealth (left hand)
 w - an uncursed amulet of harm
 y - a +4 ring of dexterity (right hand)
Wands
 D - a wand of polymorph (1/24)
 F - a wand of digging (10/24)
Scrolls
 k - 4 scrolls of remove curse
 r - a scroll of identify
 s - 3 scrolls of teleportation
 E - a scroll of fog
Potions
 i - a potion of agility {unknown}
 j - 5 potions of curing
 o - a potion of haste {unknown}
 t - a potion of heal wounds {unknown}
 x - 3 potions of cure mutation {unknown}
 G - a potion of mutation {unknown}
 J - a potion of flight {unknown}
 K - a potion of magic {unknown}
Books
 l - a book of Death

   Spells                             Type                      Level
   a - Corpse Rot                     Necromancy                   2
   b - Sublimation of Blood           Necromancy                   2
   c - Agony                          Necromancy                   5
   d - Dispel Undead                  Necromancy                   5
   e - Excruciating Wounds            Charms/Necromancy            5
   f - Bolt of Draining               Conjuration/Necromancy       5
 B - a book of Burglary

   Spells                             Type                      Level
   a - Swiftness                      Charms/Air                   2
   b - Passwall                       Transmutation/Earth          2
   c - Passage of Golubria            Translocation                4
   d - Lee's Rapid Deconstruction     Earth                        5
   e - Darkness                       Hexes                        6
   f - Invisibility                   Hexes                        6
 I - a book of Debilitation

   Spells                             Type                      Level
   a - Corona                         Hexes                        1
   b - Slow                           Hexes                        2
   c - Gell's Gravitas                Hexes/Translocation          3
   d - Inner Flame                    Hexes/Fire                   3
   e - Cause Fear                     Hexes                        4
   f - Leda's Liquefaction            Hexes/Earth                  4
Comestibles
 g - 5 bread rations
 n - 6 meat rations
 p - a royal jelly
 q - 6 chunks of flesh
 u - a beef jerky
 z - a slice of pizza


   Skills:
 * Level 3.6(1.9) Fighting
 - Level 6.0(4.2) Short Blades
 - Level 1.7(0.1) Throwing
 - Level 0.7(0.0) Dodging
 + Level 8.1(6.2) Stealth


You had 7 spell levels left.
You didn't know any spells.

Dungeon Overview and Level Annotations

Branches:
Dungeon (7/15)             Temple (1/1) D:6

Altars:
Ashenzari
Cheibriados
Elyvilon
Gozag
Hepliaklqana
Kikubaaqudgha
Makhleb
Okawaru
Qazlal
Ru
Trog
Uskayaw
Zin

Shops:
D:5 %


Innate Abilities, Weirdness & Mutations

You have razor-sharp teeth.
Your natural rate of healing is unusually fast.
When hurt, damage is shared between your health and your magic reserves.
Your bite disrupts and absorbs the magic of your enemies.
Potions and wands cannot restore your health.
You are immune to rotting.


Message History

The orc warrior resists with some effort.
Evoking this partially-identified wand wasted a few charges.
The orc warrior hits you with a dire flail!!
Evoke which item? (* to show all) (? for menu, Esc to quit)
Zapping:
D - a wand of polymorph {zapped: 3} (will waste charges)
Press: ? - help, Shift-Dir - straight line, f/p - orc warrior
Aim: an orc warrior, wielding a dire flail and wearing a plate armour (chance to defeat MR: 46%)
The orc warrior resists with some effort.
Evoking this partially-identified wand wasted a few charges.
The orc warrior hits you with a dire flail!!
* * * LOW HITPOINT WARNING * * *
A bullfrog skeleton comes into view.
Evoke which item? (* to show all) (? for menu, Esc to quit)
Zapping:
D - a wand of polymorph {zapped: 6} (will waste charges)
Press: ? - help, Shift-Dir - straight line, f/p - orc warrior
Aim: an orc warrior, wielding a dire flail and wearing a plate armour (chance to defeat MR: 46%)
The orc warrior resists with some effort.
Evoking this partially-identified wand wasted a few charges.
The orc warrior hits you with a dire flail!
You die...

#..........# #...
#..........###### ###.
#...............# ##
#...............# #####.
#..........(#Z..####.....
#..........#<#...##..###.
#...........#.......###..
#...............##.......
#......o@.......##.###..#
###..###########...###.##
#.## #####.......##.#
#.#####.......#...##.#
#.#.....##......###..##
#.#.........######..##.
##....###..### #..##..
#.>..####.## ##..#...
#####.#.>....# #.......


You could see an orc warrior and a bullfrog skeleton.

Vanquished Creatures
  2 ogres (D:7)
  2 bullfrogs
  2 scorpions
  A crimson imp (D:6)
  A centaur zombie (D:5)
  A bullfrog skeleton (D:5)
  A hound (D:7)
  An iguana (D:4)
  2 orc wizards
  3 worker ants
  Robin (D:4)
  A worker ant zombie (D:6)
  9 adders
  2 shadow imps
  An adder skeleton (D:5)
  3 leopard geckos
  8 orcs
  2 ball pythons
  7 giant cockroaches
  11 goblins
  11 hobgoblins
  6 jackals
  4 kobolds
  8 bats
  6 frilled lizards
  A quokka skeleton (D:7)
  4 rats
101 creatures vanquished.

Notes
Turn   | Place    | Note
-------+----------+-------------------------------------------
     0 | D:1      | TheGoonsmith the Vine Stalker Assassin began the quest for the Orb.
     0 | D:1      | Reached XP level 1. HP: 11/11 MP: 2/2
   729 | D:1      | Reached XP level 2. HP: 6/15 MP: 1/3
  1159 | D:1      | Reached skill level 5 in Stealth
  1472 | D:2      | Reached XP level 3. HP: 16/18 MP: 4/4
  1764 | D:2      | Gained mutation: Your natural rate of healing is unusually fast. [Vine Stalker growth]
  1764 | D:2      | Reached XP level 4. HP: 23/23 MP: 5/5
  2551 | D:3      | Found a snail-covered altar of Cheibriados.
  2752 | D:4      | Found a burning altar of Makhleb.
  2752 | D:4      | Found a glowing silver altar of Zin.
  2753 | D:4      | Noticed an angel
  2753 | D:4      | Noticed a blizzard demon
  2768 | D:4      | Reached XP level 5. HP: 26/26 MP: 6/6
  2804 | D:4      | Noticed Robin
  2846 | D:4      | Killed Robin
  2875 | D:4      | Reached skill level 6 in Stealth
  3267 | D:4      | Reached XP level 6. HP: 22/30 MP: 5/7
  3322 | D:5      | Entered Level 5 of the Dungeon
  3465 | D:5      | Found Siud Zafy's Food Shoppe.
  3707 | D:5      | Reached skill level 5 in Short Blades
  4516 | D:6      | Reached skill level 7 in Stealth
  4614 | D:6      | Reached XP level 7. HP: 31/35 MP: 5/8
  4909 | D:6      | Found a staircase to the Ecumenical Temple.
  4931 | Temple   | Entered the Ecumenical Temple
  5117 | Temple   | Became a worshipper of Uskayaw the Reveler
  5258 | D:6      | Reached * piety under Uskayaw
  5284 | D:7      | Reached ** piety under Uskayaw
  5314 | D:7      | Reached skill level 8 in Stealth
  5315 | D:7      | Gained mutation: You have razor-sharp teeth. [Vine Stalker growth]
  5315 | D:7      | Reached XP level 8. HP: 36/40 MP: 4/9
  5422 | D:6      | HP: 2/41 [orc warrior/dire flail (15)]
  5432 | D:6      | Mangled by an orc warrior

Vault maps used:
D:1:      minmay_arrival_five_plusses
D:2:      first_bread, kennysheep_generic_room_6
D:3:      marbit_many_paths
D:4:      grunt_temple_overflow_order_and_chaos_2, kennysheep_generic_room_15,
          uniq_robin
D:5:      serial_shops, shop_coins, serial_corexii_hall, corexii_hall_statues_i,
          corexii_hall_statues_t, corexii_hall_statues_u, corexii_hall_statues_t
D:6:      st_stairs_14
D:7:      grunt_temple_overflow_open, serial_shops, nicolae_shop_window_shopping
Temple:   jpeg_temple_alley_garden

Skill      XL: |  1  2  3  4  5  6  7 |
---------------+----------------------+-----
Fighting       | 2 3 |  3.6
Short Blades   | 2 3 4 5 6 |  6.0
Stealth        | 5 6 7 8 |  8.1
Throwing       | |  1.7
Dodging        | |  0.7

Action                   |  1- 3 |  4- 6 |  7- 9 || total
-------------------------+-------+-------+-------++-------
Melee: Dagger            |   114 |   264 |    65 ||   443
       Bite              |    25 |    86 |    28 ||   139
Invok: Line Pass         |       |       |     2 ||     2
Evoke: Wand              |       |       |     3 ||     3
  Use: Scroll            |       |     6 |     3 ||     9
 Stab: Sleeping          |     8 |     8 |     3 ||    19
       Confused          |       |       |     4 ||     4
  Eat: Chunk             |     3 |     9 |     3 ||    15
Armor: Leather armour    |    43 |    63 |    14 ||   120
Dodge: Dodged            |    42 |   138 |    29 ||   209
